 Dungeon Crawl Stone Soup version 0.31-a0-1469-gd420192249 (webtiles) character file.

Game seed: 10715167123149141608

5671 BigPumpCobain the Grappler (level 10, -9/100 HPs)
             Began as a Troll Shapeshifter on Dec 29, 2023.
             Was a Believer of Trog.
             Mangled by a two-headed ogre
             ... wielding a +0 giant club
              (18 damage)
             ... on level 9 of the Dungeon.
             The game lasted 00:10:58 (7120 turns).

BigPumpCobain the Grappler (Troll Shapeshifter)     Turns: 7120, Time: 00:10:59

Health: -9/100     AC: 11    Str: 31    XL:     10   Next: 47%
Magic:  9/9        EV:  9    Int:  6    God:    Trog [**....]
Gold:   455        SH:  0    Dex:  9    Spells: 9/9 levels left

rFire   . .          .
                       - Unarmed
rCold   + . .        (no shield)
rNeg    . . .        C - +2 troll leather armour
rPois   +            (helmet currently unavailable)
rElec   .            (cloak currently unavailable)
rCorr   .            (gloves unavailable)
SInv    .            (boots unavailable)
Will    ++...        (no amulet)
Stlth   +            i - ring of poison resistance
HPRegen 2.96/turn    l - ring of Henotheism {rC+ AC+4 Str+3}
MPRegen 0.11/turn

%: no passive effects
@: beast-form, strong-willed (expiring), on berserk cooldown, regenerating
(expiring), slowed, very slow
A: beast (slay +4), large, unfitting armour, claws 3, regeneration 1, shaggy fur
1, tough skin 1
a: Begin Untransformation, Renounce Religion, Berserk, Trog's Hand


You were on level 9 of the Dungeon.
You worshipped Trog.
Trog was pleased with you.
You were a hulking beast.
You visited 2 branches of the dungeon, and saw 10 of its levels.

You collected 455 gold pieces.

Inventory:

Hand Weapons
 y - a +2 whip of electrocution
Armour
 A - a +2 robe of fire resistance
 C - a +2 troll leather armour (worn)
Jewellery
 a - a ring of resist corrosion
 f - a ring of positive energy
 i - a ring of poison resistance (left claw)
 l - the ring of Henotheism (right claw) {rC+ AC+4 Str+3}
   (You found it on level 2 of the Dungeon)

   [ring of protection]

   AC+4:      It affects your AC (+4).
   Str+3:     It affects your strength (+3).
   rC+:       It protects you from cold.
 o - a ring of flight
 u - a ring of willpower
 G - a +6 ring of strength
Talismans
 c - a beast talisman
 d - a flux talisman
Wands
 b - a wand of iceblast (7)
 F - a wand of flame (18)
Scrolls
 g - 2 scrolls of revelation
 j - 3 scrolls of enchant weapon
 n - a scroll of blinking
 p - 5 scrolls of identify
 r - 2 scrolls of teleportation
 B - a scroll of immolation {unknown}
 D - a scroll of amnesia {unknown}
 E - a scroll of fear {unknown}
Potions
 e - 2 potions of mutation {unknown}
 h - a potion of heal wounds {unknown}
 k - a potion of degeneration {unknown}
 m - 3 potions of curing {unknown}
 q - a potion of brilliance {unknown}
 s - a potion of cancellation {unknown}
 t - a potion of might {unknown}
 v - 4 potions of attraction {unknown}
 w - 3 potions of enlightenment {unknown}
 x - 4 potions of haste {unknown}
 z - a potion of berserk rage {unknown}


   Skills:
 + Level 6.5 Fighting
 - Level 1.5 Dodging
 * Level 11.6 Unarmed Combat
 + Level 7.8 Shapeshifting


You had 9 spell levels left.
You didn't know any spells.
Your spell library contained the following spells:

 Spells                   Type           Power      Damage    Failure   Level
 Freeze                   Ice            0%         1d3       50%         1
 Frozen Ramparts          Ice            0%         1d1       86%         3
 Hailstorm                Conj/Ice       0%         3d5       86%         3


Dungeon Overview and Level Annotations

Branches:
Dungeon (9/15)             Temple (1/1) D:4            Lair (0/5) D:8
    Orc: D:9-12

Altars:
Ashenzari
Cheibriados
Dithmenos
Elyvilon
Fedhas
Hepliaklqana
Kikubaaqudgha
Nemelex Xobeh
Okawaru
Qazlal
Ru
Sif Muna
Trog
Vehumet
Wu Jian
Xom
Yredelemnul
Zin
The Shining One

Shops:
D:6 =!=(?

Annotations:
D:5 2 runed translucent doors, BigPumpCobain's ghost, novice TrSh


Innate Abilities, Weirdness & Mutations

You are a hulking beast.
Your limbs bulge with bestial killing power. (Slay +4)
You are too large for most types of armour.
You have claws for hands.
Your natural rate of healing is unusually fast.
You are covered in fur. (AC +1)
You have tough skin. (AC +1)


Message History

You feel strong-willed.
Erica hits you with a +1 scimitar of flaming!
Erica burns you.
* * * LOW HITPOINT WARNING * * *
A red film seems to cover your vision as you go berserk!
You feel yourself moving faster!
You feel mighty!
Erica hits you with a +1 scimitar of flaming!!
* * * LOW HITPOINT WARNING * * *
Erica burns you.
* * * LOW HITPOINT WARNING * * *
You eviscerate Erica!!!
You kill Erica!
Trog accepts your kill.
Trog appreciates your killing of a magic user.
G - a +6 ring of strength
Things that are here:
a +1 scimitar of flaming; the octopode corpse of Erica You are too berserk!
You start resting.
You feel a strong urge to attack something.
You start resting.
You are no longer berserk.
You are exhausted.
You feel yourself slow down.
You start resting.
A two-headed ogre comes into view. It is wielding two +0 giant clubs.
You feel the effects of Trog's Hand fading.
The two-headed ogre attacks as it pursues you!
The two-headed ogre hits you with a +0 giant club!!
The two-headed ogre hits you with a +0 giant club!
You mangle the two-headed ogre!!
The two-headed ogre is heavily wounded.
The two-headed ogre hits you with a +0 giant club!!
* * * LOW HITPOINT WARNING * * *
The two-headed ogre hits you with a +0 giant club!
* * * LOW HITPOINT WARNING * * *
You mangle the two-headed ogre!!
The two-headed ogre is severely wounded.
The two-headed ogre hits you with a +0 giant club!!
You die...

# ###### ####
#########....# ....
#..........#.# .....
.§§≈≈≈≈§≈..#.# ##### .....
...§≈≈≈≈§≈...# #...# .....
#.8§..._≈≈...# #...###..#
...§≈≈≈≈≈≈...####........#
..§≈≈§≈§§..#....hO...)...#
...........#.............#
...........#....####+###.#
...........#....# #
...........#....#
...........#....#
.###+#.....#....#
.#...#######.....
.#........


You could see a two-headed ogre.

Vanquished Creatures
  Erica (D:9)
  Pikel (D:7)
  2 trolls
  A hornet (D:8)
  Prince Ribbit (D:5)
  A wraith (D:6)
  A wyvern (D:7)
  Grum (D:8)
  An acid dragon (D:8)
  Duvessa (D:4)
  3 ice beasts
  2 orc warriors
  3 ogres
  A sky beast (D:6)
  5 wolves (D:8)
  4 centaurs
  A bullfrog (D:8)
  Blork the orc (D:4)
  A gnoll sergeant (D:7)
  A scorpion (D:4)
  Dowan (D:4)
  5 killer bees (D:8)
  3 electric eels
  8 hounds
  4 orc priests
  A gnoll bouda (D:7)
  3 jellies
  A sleepcap (D:3)
  Terence (D:3)
  An iguana (D:4)
  4 orc wizards (D:8)
  17 gnolls
  9 adders
  A shadow imp (D:5)
  2 white imps (D:6)
  2 ufetubi (D:6)
  A worm (D:2)
  19 orcs
  11 bats
  7 endoplasms
  2 giant cockroaches
  5 goblins
  4 hobgoblins
  A jackal (D:5)
  7 kobolds
  2 quokkas (D:1)
  15 ball pythons
  3 frilled lizards
  7 rats
180 creatures vanquished.

Vanquished Creatures (collateral kills)
  An iguana (D:5)
1 creature vanquished.

Grand Total: 181 creatures vanquished

Notes
Turn   | Place    | Note
-------+----------+-------------------------------------------
     0 | D:1      | BigPumpCobain the Troll Shapeshifter began the quest for
                  | the Orb.
     0 | D:1      | Reached XP level 1. HP: 18/18 MP: 0/0
   342 | D:1      | Reached skill level 1 in Fighting
   379 | D:1      | Reached XP level 2. HP: 14/27 MP: 1/1
   954 | D:2      | Reached XP level 3. HP: 33/33 MP: 2/2
  1087 | D:2      | Identified the ring of Henotheism {rC+ AC+4 Str+3}
  1178 | D:2      | Reached skill level 4 in Unarmed Combat
  1334 | D:2      | Reached XP level 4. HP: 41/41 MP: 3/3
  2088 | D:3      | Noticed Terence
  2096 | D:3      | Killed Terence
  2237 | D:3      | Reached XP level 5. HP: 18/49 MP: 4/4
  2734 | D:4      | Reached skill level 5 in Unarmed Combat
  2734 | D:4      | Reached XP level 6. HP: 55/59 MP: 5/5
  2785 | D:4      | Found a staircase to the Ecumenical Temple.
  2796 | D:4      | Noticed Duvessa
  2797 | D:4      | Noticed Dowan
  2799 | Temple   | Entered the Ecumenical Temple
  2815 | Temple   | Became a worshipper of Trog the Wrathful
  2842 | D:4      | Killed Duvessa
  2848 | D:4      | Killed Dowan
  2938 | D:4      | Noticed Blork the orc
  2943 | D:4      | Killed Blork the orc
  3068 | D:4      | Reached skill level 6 in Unarmed Combat
  3198 | D:4      | Reached XP level 7. HP: 65/67 MP: 6/6
  3338 | D:4      | Found a shimmering blue altar of Sif Muna.
  3592 | D:5      | Entered Level 5 of the Dungeon
  3593 | D:5      | Noticed Prince Ribbit
  3607 | D:5      | Killed Prince Ribbit
  3648 | D:5      | Found a runed translucent door.
  3654 | D:5      | Noticed BigPumpCobain's ghost (novice TrSh)
  3693 | D:5      | Reached skill level 7 in Unarmed Combat
  3693 | D:5      | Reached skill level 5 in Shapeshifting
  3749 | D:5      | Found a runed translucent door.
  4339 | D:6      | Noticed a wraith
  4342 | D:6      | Killed a wraith
  4343 | D:6      | Reached XP level 8. HP: 74/78 MP: 7/7
  4550 | D:6      | Found Fizil's Antique Weapon Shop.
  4552 | D:6      | Found Wegae's Jewellery Boutique.
  4593 | D:6      | Found Facyeh's Magic Scroll Boutique.
  4599 | D:6      | Reached skill level 8 in Unarmed Combat
  4605 | D:6      | Found Ibudiqi's Distillery.
  4605 | D:6      | Found Osiyxt's Armour Boutique.
  4631 | D:6      | Reached * piety under Trog
  4667 | D:6      | Found Yrghar's Jewellery Shop.
  5170 | D:7      | Found a white marble altar of Elyvilon.
  5249 | D:7      | Found a stormy altar of Qazlal.
  5255 | D:7      | Reached XP level 9. HP: 80/87 MP: 8/8
  5262 | D:7      | Reached skill level 9 in Unarmed Combat
  5294 | D:7      | Noticed Pikel
  5303 | D:7      | Killed Pikel
  5304 | D:7      | Reached skill level 5 in Fighting
  5393 | D:7      | Noticed a troll
  5400 | D:7      | Killed a troll
  5409 | D:7      | Reached skill level 10 in Unarmed Combat
  5540 | D:7      | Found a sparkling altar of Nemelex Xobeh.
  5541 | D:7      | Found a shadowy altar of Dithmenos.
  5542 | D:7      | Found an ornate altar of the Wu Jian Council.
  5548 | D:7      | Found a broken altar of Ashenzari.
  6076 | D:8      | Noticed a troll
  6084 | D:8      | Killed a troll
  6133 | D:8      | Reached ** piety under Trog
  6138 | D:8      | Found a staircase to the Lair.
  6156 | D:8      | Paralysed by a hornet for 2 turns
  6163 | D:8      | Reached XP level 10. HP: 33/98 MP: 9/9
  6548 | D:8      | Reached skill level 11 in Unarmed Combat
  6801 | D:8      | Noticed Grum
  6811 | D:8      | Killed Grum
  7066 | D:9      | Found a glowing golden altar of the Shining One.
  7094 | D:9      | Noticed Erica
  7104 | D:9      | Killed Erica
  7113 | D:9      | Noticed a two-headed ogre
  7119 | D:9      | HP: 5/100 [two-headed ogre/+0 giant club (9)]
  7120 | D:9      | Mangled by a two-headed ogre

Illustrated notes

Levels and vault maps discovered:
D:1:      saegor_arrival_under_anarchy, layout_loops_corners
D:2:      layout_loops_corners, minmay_cupped
D:3:      layout_basic, serial_forest, infiniplex_forest_lined_2,
          infiniplex_forest_diagonal, infiniplex_forest_lined_2,
          infiniplex_forest_straight_2, infiniplex_forest_clump_small,
          infiniplex_forest_end_3, infiniplex_forest_lined_corner,
          infiniplex_forest_straight_2, hellmonk_no_cap, uniq_terence
D:4:      layout_loops_cross, hellmonk_sif_muna_bookshelves,
          minmay_temple_entry_purple_smoke, minmay_snake_closets,
          uniq_blork_the_orc, uniq_duvessa
D:5:      layout_cave_pools, ebering_ghost_sewer_f, serial_column_ruins,
          column_ruins_hut_ruined, column_ruins_corridor_T,
          column_ruins_columns_straight, column_ruins_open_tiny,
          column_ruins_open_tiny, column_ruins_corridor_straight,
          column_ruins_columns_dead_end, minmay_strange_pillars,
          kennysheep_donut, st_stairs_5, minmay_misc_feat_tower,
          chequers_hall_statues_wall_a, uniq_prince_ribbit1
D:6:      layout_loops_corners, nicolae_shop_national_dungeon_mall
D:7:      layout_basic, kennysheep_mini_moat, mainiacjoe_overflow_alcove_3,
          mainiacjoe_overflow_cross_hatched, uniq_pikel
D:8:      layout_gridville, erik_lair_island, uniq_grum
D:9:      layout_irregular_city, demons_altar, mainiacjoe_overflow_catwalk,
          nicolae_overflow_squiral, uniq_psyche, uniq_erica
Temple:   nicolae_temple_bog_church

Skill      XL: |  1  2  3  4  5  6  7  8  9 10 |
---------------+-------------------------------+-----
Fighting       | 1 2 3 4 6 |  6.5
Unarmed Combat | 4 5 6 7 8 10 11 | 11.6
Shapeshifting  | 4 5 6 7 |  7.8
Dodging        | |  1.5

Action                     |  1- 3 |  4- 6 |  7- 9 | 10-12 || total
---------------------------+-------+-------+-------+-------++-------
  Melee: Unarmed           |    77 |    92 |   174 |    72 ||   415
         Punch             |     1 |     5 |     7 |     5 ||    18
 Invoke: Berserk           |       |       |     1 |     1 ||     2
         Trog's Hand       |       |       |     1 |     1 ||     2
    Use: Scroll            |       |       |    10 |       ||    10
         Potion            |       |       |     1 |       ||     1
 Armour: Animal skin       |    47 |    56 |     2 |       ||   105
         Robe              |       |       |   110 |       ||   110
         Skin              |       |       |    92 |       ||    92
         Troll leather arm |       |       |    32 |    99 ||   131
  Dodge: Dodged            |    24 |    34 |    70 |    36 ||   164

Table legend: (Time is in decaauts)
 A = Elapsed time spent in this place.
 B = Non-inter-level travel time spent in this place.
 C = Inter-level travel time spent in this place.
 D = Time resting spent in this place.
 E = Time spent auto-exploring this place.
 F = Levels seen in this place.
 G = Mean time per level.
                   A        B        C        D        E       F      G
               +--------+--------+--------+--------+--------+-----+--------+
         Total |   7083 |   6816 |    267 |     62 |   5731 |  10 |  708.3 |
       Dungeon |   7050 |   6804 |    246 |     62 |   5731 |   9 |  783.3 |
        Temple |     32 |     11 |     21 |      0 |      0 |   1 |   32.0 |
               +--------+--------+--------+--------+--------+-----+--------+

Top non-repeatable levels by time:
     D:8: 989 daAuts
     D:1: 944 daAuts
     D:4: 901 daAuts
     D:6: 895 daAuts
     D:3: 870 daAuts
     D:7: 835 daAuts
     D:2: 826 daAuts
     D:5: 665 daAuts
     D:9: 120 daAuts
  Temple: 32 daAuts
